AoeStats
← Sr_X

Arabia

507471606Analyzed
1v1 RM · 14d ago on Sep 18, 2026· 29m 36s· 2 players
Game mode
Random Map
Map size
Tiny (2 player)
Population
200
Speed
Normal
Resources
Standard
Victory
Conquest
Starting age
Dark Age
Ending age
Imperial Age
RankedLock teamsTeams togetherTeam positionsShared explorationLock speedFull tech treeHidden civsTurbo modeCheats
Victory
Defeat
🇩🇪 Bulgarians · Germany
708
+20
🇨🇱 Japanese · Chile
660
-14
Sr_X
7:19 Loom
11:24 Feudal Age
13:27 Wheelbarrow
14:45 Double-Bit Axe
20:49 Fletching
27:08 Castle Age
Dr. Eivil
2:58 Loom
12:44 Feudal Age
18:02 Arson
19:21 Forging
19:12 Scale Mail Armor
22:18 Double-Bit Axe
22:16 Horse Collar
30:18 Castle Age
28:37 Scale Barding Armor
Connection lost

Rejoining the realm…

Still unreachable

The connection could not be restored.

Session expired

The server has moved on; the page needs a fresh start.